Map: 카이로스 정션 - 래더

Players

Clem

  • Race: Terran Terran
  • League: Grandmaster
  • Spawn Location: 5:00

lllIIIIllll (Creator) - Winner!

  • Race: Protoss Protoss
  • League: Master
  • Spawn Location: 11:00

Event: HomeStory Cup XIX

VOD

Have the link to the VOD?

Description

Time

  • Played on: June 27, 2019, 9:37 a.m.
  • Length: 8:58

All games in this series

Show
View Real Time Build Order
Export as new Build Order

Clem Terran 

Build Orders: Gas First Reaper Expand, Banshee Rush 

Get SALT Encoding   

  12  0:00  SCV  
  13  0:12  SCV  
  14  0:16  Supply Depot  
  14  0:25  SCV  
  14  0:28  Refinery  
  15  0:38  SCV  
  16  0:44  Barracks  
  16  0:50  SCV  
  17  1:02  SCV  
  18  1:14  SCV  
  19  1:31  Orbital Command, Reaper  
  20  1:46  Command Center  
  20  1:55  Factory  
  20  1:59  SCV  
  21  2:05  Barracks Reactor  
  21  2:09  Supply Depot  
  21  2:12  SCV  
  22  2:16  Refinery  
  22  2:24  SCV  
  23  2:36  SCV  
  24  2:41  Starport  
  24  2:45  Hellion x2  
  24  2:50  SCV  
  24  2:51  Barracks Tech Lab  
  29  3:03  Orbital Command, SCV  
  30  3:06  Hellion  
  30  3:10  Hellion  
  34  3:18  SCV  
  35  3:27  Supply Depot, Cloaking Field  
  35  3:30  Banshee  
  38  3:36  SCV x2  
  38  3:38  Marine x2  
  42  3:44  Factory Tech Lab  
  42  3:48  SCV x2  
  42  3:55  Marine  
  42  4:00  SCV x2  
  38  4:03  Marine  
  38  4:06  Supply Depot  
  38  4:07  Cyclone  
  42  4:12  SCV  
  42  4:13  Banshee  
  46  4:17  SCV  
  46  4:22  Marine  
  46  4:23  Marine  
  49  4:24  SCV  
  49  4:29  SCV, Supply Depot  
  51  4:36  SCV  
  52  4:39  Siege Tank  
  52  4:41  SCV  
  52  4:42  Marine  
  49  4:48  SCV  
  49  4:52  Marine  
  46  4:54  SCV  
  46  4:56  Viking  
  44  5:00  SCV  
  44  5:06  Marine, SCV  
  46  5:10  Marine  
  46  5:12  SCV  
  51  5:15  Cyclone  
  51  5:19  SCV  
  49  5:24  Marine  
  49  5:25  SCV  
  49  5:28  Marine  
  52  5:31  SCV  
  52  5:32  Viking  
  54  5:37  SCV  
  54  5:42  Marine  
  49  5:43  SCV  
  49  5:45  Marine  
  49  5:49  SCV  
  44  5:51  Siege Tank  
  44  5:55  SCV  
  48  5:59  Marine  
  48  6:01  SCV  
  48  6:03  Marine  
  46  6:06  Viking  
  46  6:07  SCV  
  43  6:13  SCV  
  43  6:17  Marine  
  45  6:19  SCV  
  45  6:21  Marine  
  45  6:25  SCV  
  47  6:26  Siege Tank  
  47  6:31  SCV  
  51  6:35  Marine  
  51  6:37  SCV  
  48  6:43  SCV  
  38  6:47  Marine  
  38  6:49  SCV  
  38  6:53  Viking, Marine  
  38  6:55  SCV  
  38  7:00  Orbital Command  
  37  7:01  SCV  
  37  7:05  Marine  
  38  7:11  Marine  
  38  7:13  SCV  
  38  7:14  Siege Tank  
  41  7:22  Marine  
  41  7:25  SCV  
  41  7:29  Liberator  
  42  7:33  SCV  
  42  7:34  Marine  
  44  7:40  Marine  
  44  7:41  SCV  
  43  7:46  SCV  
  46  7:52  Marine  
  46  7:53  SCV  
  46  7:58  Marine  
  47  7:59  SCV  
  47  8:00  Siege Tank  
  52  8:05  SCV  
  52  8:10  Marine  
  52  8:11  SCV  
  53  8:16  Marine  
  53  8:17  SCV  
  52  8:23  SCV  
  52  8:26  Barracks x2  
  52  8:28  Marine  
  52  8:29  SCV  
  52  8:34  Marine  
  54  8:35  SCV  
  54  8:39  Supply Depot  
  59  8:43  Starport Reactor  
  59  8:44  SCV  
  59  8:45  Supply Depot  
  62  8:54  Engineering Bay  
Show
View Real Time Build Order
Export as new Build Order

lllIIIIllll Protoss - Winner!

Build Orders: 1 Gate Expand, Oracle Opening 

Get SALT Encoding   

  12  0:00  Probe  
  13  0:12  Probe  
  14  0:17  Pylon  
  14  0:24  Probe  
  15  0:32  Probe  
  15  0:38  Gateway  
  15  0:40  Probe  
  16  0:48  Assimilator  
  17  0:51  Probe  
  18  1:03  Probe  
  19  1:15  Probe  
  20  1:24  Nexus  
  20  1:34  Cybernetics Core  
  20  1:37  Probe  
  21  1:44  Pylon  
  21  1:47  Assimilator  
  21  1:49  Probe  
  21  1:53  Pylon  
  22  2:01  Probe, Adept  
  23  2:14  Probe  
  26  2:17  Stargate  
  25  2:25  Probe  
  25  2:26  Warp Gate  
  26  2:31  Adept  
  26  2:32  Probe  
  26  2:34  Probe  
  29  2:40  Probe  
  29  2:42  Probe  
  30  2:50  Probe  
  32  2:52  Probe  
  32  2:54  Oracle  
  34  3:03  Probe  
  38  3:10  Probe  
  39  3:15  Probe  
  39  3:18  Pylon  
  40  3:20  Adept  
  40  3:23  Probe  
  43  3:27  Probe  
  44  3:35  Probe  
  44  3:36  Oracle  
  44  3:39  Probe  
  49  3:42  Gateway  
  49  3:43  Gateway  
  49  3:46  Pylon  
  49  3:47  Probe  
  50  3:52  Probe  
  49  3:59  Probe  
  49  4:00  Probe  
  49  4:10  Probe  
  49  4:11  Probe  
  49  4:15  Pylon  
  49  4:16  Stalker  
  56  4:17  Phoenix  
  56  4:22  Probe  
  56  4:23  Probe  
  57  4:45  Probe x2  
  55  4:52  Stalker x3, Oracle  
  55  4:56  Nexus  
  55  4:59  Pylon  
  58  5:05  Shield Battery  
  54  5:15  Pylon  
  54  5:16  Adept x3  
  51  5:45  Zealot x2  
  51  5:49  Probe  
  50  5:52  Probe  
  47  5:57  Probe  
  47  6:02  Adept  
  49  6:06  Probe  
  49  6:07  Probe  
  49  6:10  Probe  
  51  6:25  Probe, Shield Battery  
  51  6:26  Probe  
  51  6:28  Stalker, Zealot  
  53  6:44  Probe x2  
  48  6:53  Probe x2  
  45  6:56  Zealot x3  
  45  7:00  Probe  
  54  7:01  Probe x2  
  54  7:10  Probe  
  54  7:11  Probe  
  54  7:12  Probe  
  57  7:18  Adept  
  57  7:21  Adept  
  59  7:23  Probe x2  
  59  7:24  Probe  
  62  7:35  Probe x2  
  58  7:44  Stalker x3  
  58  7:49  Probe x3  
  65  7:53  Assimilator  
  65  7:54  Assimilator  
  61  8:08  Probe  
  61  8:09  Stalker x3, Probe x2  
  66  8:17  Probe  
  64  8:21  Probe  
  64  8:23  Probe  
  64  8:24  Pylon  
  64  8:25  Probe, Twilight Council  
  67  8:28  Phoenix  
  67  8:33  Probe  
  67  8:35  Probe  
  67  8:39  Zealot, Adept  
  67  8:40  Zealot  
  76  8:42  Probe  
  76  8:43  Gateway  
  76  8:46  Shield Battery  
Tags
 
Add a new tag
Caveats
  • Supply blocks, unpowered buildings, or Contaminate may cause inaccurate times.
  • Supply counts are checked every 10 seconds.